 Dungeon Crawl Stone Soup version 0.30-a0-782-ge64f9170bb (webtiles) character file.

Game seed: 15694028249483770339

60 Leeroy the Slasher (level 4, 0/33 HPs)
             Began as a Merfolk Gladiator on Feb 24, 2023.
             Succumbed to a water moccasin's poison
             ... on level 3 of the Dungeon.
             The game lasted 00:00:58 (945 turns).

Leeroy the Slasher (Merfolk Gladiator)               Turns: 945, Time: 00:00:58

Health: 0/33       AC:  4    Str: 14    XL:     4   Next: 6%
Magic:  4/4        EV: 13    Int:  7    God:
Gold:   144        SH:  0    Dex: 17    Spells: 3/3 levels left

rFire   . . .      SeeInvis .    a - +0 long sword
rCold   . . .      Faith    .    (no shield)
rNeg    . . .      Spirit   .    b - +0 leather armour
rPois   .          Reflect  .    c - +0 helmet
rElec   .          Harm     .    (no cloak)
rCorr   .          Rampage  .    (no gloves)
Will    .....                    (no boots)
Stlth   +                        (no amulet)
HPRegen 0.25/turn                (no ring)
MPRegen 0.09/turn                (no ring)

@: lethally poisoned (0 -> -6)
A: (nimble swimmer 2), mertail
a: no special abilities


You were on level 3 of the Dungeon.
You visited 1 branch of the dungeon, and saw 4 of its levels.

You collected 144 gold pieces.

Inventory:

Hand Weapons
 a - a +0 long sword (weapon)
 j - a +0 dagger
 o - a +1 dagger of venom
Missiles
 d - 3 throwing nets (quivered)
 e - a javelin
Armour
 b - a +0 leather armour (worn)
 c - a +0 helmet (worn)
Wands
 l - a wand of acid (6)
Scrolls
 f - 3 scrolls of amnesia {unknown}
 g - a scroll of identify {unknown}
 k - a scroll of teleportation {unknown}
 m - a scroll of poison {unknown}
 p - a scroll of fear {unknown}
Potions
 h - a potion of haste {unknown}
 i - a potion of invisibility {unknown}
 n - a potion of mutation {unknown}


   Skills:
 - Level 2.1 Fighting
 + Level 5.8 Long Blades
 - Level 2.0 Throwing
 - Level 4.0 Dodging


You had 3 spell levels left.
You didn't know any spells.
Your spell library contained the following spells:

 Spells                   Type           Power      Damage    Failure   Level
 Lesser Beckoning         Tloc           0%         N/A       65%         2
 Gell's Gravitas          Tloc           0%         N/A       87%         3
 Teleport Other           Tloc           0%         N/A       87%         3


Dungeon Overview and Level Annotations

Branches:
Dungeon (4/15)
 Temple: D:4-7

Altars:

Annotations:
D:4 Pikel


Innate Abilities, Weirdness & Mutations

((You are very nimble when in or above water. (Stealth+, EV+, Speed+++)))
Your lower body shifts to a powerful aquatic tail in water.


Message History

A water moccasin comes into view.
The water moccasin hisses angrily.
Found 2 pink potions.
Found a stone staircase leading up.
A water moccasin is nearby!
A water moccasin is nearby!
You closely miss the water moccasin. The water moccasin closely misses you.
The water moccasin barely misses you.
You completely miss the water moccasin. The water moccasin closely misses you.
You hit the water moccasin but do no damage.
The water moccasin barely misses you. x2
You closely miss the water moccasin. The water moccasin bites you. x2
You are poisoned.
The water moccasin poisons you!
You barely miss the water moccasin.
You feel very sick. The water moccasin bites you.
You are more poisoned.
The water moccasin poisons you!
You barely miss the water moccasin.
You feel very sick. The water moccasin bites you.
The water moccasin closely misses you.
You hit the water moccasin.
The water moccasin is lightly wounded.
You feel very sick.
The water moccasin bites you but does no damage.
You are too injured to fight recklessly!
You are too injured to fight recklessly!
You are too injured to fight recklessly!
You slash the water moccasin!
The water moccasin is heavily wounded.
You feel very sick. The water moccasin closely misses you.
The water moccasin bites you but does no damage.
You closely miss the water moccasin.
The water moccasin is heavily wounded.
You feel sick. The water moccasin bites you!
* * * LOW HITPOINT WARNING * * *
You closely miss the water moccasin.
The water moccasin is heavily wounded.
You die...

##.###### #.# #.
### #.# ... ..# #+#
# #.# #.# ...
#.###.# #.# .... ##
#.....###.# ..!..
##.
###..#...##.#......
####[.
...........@S......
+.....
#..#...##.#.<....
####.. #...†.....#
..... ##.
#.#....#### .... ##
#......# ... #
#####.## #+# # #.#
#.# # #.# #.##### #
#.# ##.....######


You could see a water moccasin.

Vanquished Creatures
  A lemure (D:3)
  Robin (D:3)
  2 dart slugs (D:1)
  2 ball pythons (D:1)
  6 endoplasms
  A giant cockroach (D:1)
  6 goblins (D:3)
  8 hobgoblins
  3 kobolds (D:1)
  3 quokkas
  A bat (D:1)
  2 frilled lizards (D:1)
  5 rats
41 creatures vanquished.

Notes
Turn   | Place    | Note
-------+----------+-------------------------------------------
     0 | D:1      | Leeroy the Merfolk Gladiator began the quest for the Orb.
     0 | D:1      | Reached XP level 1. HP: 16/16 MP: 1/1
    50 | D:1      | Reached skill level 4 in Long Blades
    76 | D:1      | Reached XP level 2. HP: 20/22 MP: 2/2
   173 | D:1      | Reached skill level 5 in Long Blades
   173 | D:1      | Reached XP level 3. HP: 23/27 MP: 3/3
   647 | D:2      | You fall into a shaft and drop 2 floors!
   672 | D:4      | Noticed a lemure
   672 | D:4      | Noticed a lemure
   672 | D:4      | Noticed Pikel
   672 | D:4      | Noticed a lemure
   673 | D:4      | Noticed a lemure
   673 | D:4      | Noticed a necrophage
   691 | D:3      | Killed a lemure
   732 | D:3      | Noticed Robin
   744 | D:3      | Killed Robin
   822 | D:3      | Reached XP level 4. HP: 33/33 MP: 4/4
   935 | D:3      | Noticed a water moccasin
   945 | D:3      | Succumbed to a water moccasin's poison

Illustrated notes

Levels and vault maps discovered:
D:1:      enne_arrival_octagon_isle, layout_basic, minmay_circled_x
D:2:      layout_loops_ring, serial_shops, nicolae_shop_statue_plus,
          st_stairs_1, uniq_terence
D:3:      wad_crossroads, layout_loops_corners,
          hellmonk_ecumenical_altar_run_dry, uniq_robin, uniq_natasha
D:4:      layout_gridville, kiku_gazebo_pond_becter, uniq_ijyb, uniq_duvessa,
          uniq_pikel

Skill      XL: |  1  2 |
---------------+-------+-----
Long Blades    | 4 5 |  5.8
Fighting       | |  2.1
Throwing       | |  2.0
Dodging        | |  4.0

Action                     |  1- 3 |  4- 6 || total
---------------------------+-------+-------++-------
  Melee: Long sword        |    84 |    13 ||    97
         Punch             |     1 |       ||     1
   Stab: Sleeping          |     1 |       ||     1
 Armour: Leather armour    |    27 |     3 ||    30
  Dodge: Dodged            |    64 |     7 ||    71

Table legend: (Time is in decaauts)
 A = Elapsed time spent in this place.
 B = Non-inter-level travel time spent in this place.
 C = Inter-level travel time spent in this place.
 D = Time resting spent in this place.
 E = Time spent auto-exploring this place.
 F = Levels seen in this place.
 G = Mean time per level.
                   A        B        C        D        E       F      G
               +--------+--------+--------+--------+--------+-----+--------+
         Total |    956 |    936 |     20 |      0 |    720 |   4 |  239.0 |
       Dungeon |    956 |    936 |     20 |      0 |    720 |   4 |  239.0 |
               +--------+--------+--------+--------+--------+-----+--------+

Top non-repeatable levels by time:
     D:1: 654 daAuts
     D:3: 265 daAuts
     D:4: 36 daAuts
